Map: Arctic Gates

Players

ytread - Winner!

  • Race: Protoss Protoss
  • League: Diamond
  • Spawn Location: 3:00

VanHelsing - Winner!

  • Race: Zerg Zerg
  • League: Gold
  • Spawn Location: 0:00

Infamous

  • Race: Protoss Protoss
  • League: Bronze
  • Spawn Location: 9:00

Poseidon

  • Race: Protoss Protoss
  • League: Diamond
  • Spawn Location: 0:00

VOD

Have the link to the VOD?

Description

Time

  • Played on: March 8, 2018, 11:21 a.m.
  • Length: 17:45
Show
View Real Time Build Order
Export as new Build Order

ytread Protoss - Winner!

Build Orders: Blink Stalkers, Dark Templar Rush 

Get SALT Encoding   

  12  0:01  Probe  
  13  0:14  Probe  
  14  0:18  Pylon  
  14  0:26  Probe  
  15  0:38  Probe  
  15  0:39  Gateway  
  16  0:46  Assimilator  
  16  0:50  Probe  
  16  0:55  Assimilator  
  17  1:02  Probe  
  18  1:12  Gateway  
  18  1:14  Probe  
  19  1:26  Probe  
  19  1:29  Cybernetics Core  
  20  1:36  Pylon  
  20  1:42  Probe  
  21  1:54  Probe  
  22  2:04  Warp Gate (Chrono Boost)  
  22  2:06  Stalker x2  
  26  2:18  Twilight Council  
  26  2:27  Pylon  
  26  2:41  Stalker  
  26  2:42  Stalker  
  30  2:49  Blink (Chrono Boost)  
  30  3:04  Probe  
  31  3:24  Probe (Chrono Boost)  
  31  3:25  Dark Shrine  
  33  3:34  Probe (Chrono Boost)  
  33  3:39  Probe (Chrono Boost)  
  34  3:41  Pylon  
  34  3:50  Probe  
  35  3:59  Nexus  
  36  4:02  Probe  
  36  4:04  Sentry  
  36  4:06  Sentry  
  40  4:15  Probe  
  41  4:27  Probe  
  42  4:39  Probe, Dark Templar  
  45  4:46  Forge  
  45  4:51  Probe  
  46  5:00  Pylon  
  46  5:03  Probe  
  47  5:15  Probe x2 (Chrono Boost)  
  49  5:23  Pylon  
  49  5:26  Probe x2 (Chrono Boost)  
  51  5:30  Probe (Chrono Boost)  
  52  5:40  Stalker x2  
  52  5:42  Probe  
  57  5:50  Protoss Ground Weapons Level 1 (Chrono Boost)  
  57  5:51  Pylon, Nexus  
  57  5:54  Probe x2  
  59  6:08  Robotics Facility  
  59  6:11  Robotics Facility  
  59  6:15  Probe x2  
  59  6:17  Assimilator  
  59  6:19  Charge (Chrono Boost)  
  59  6:21  Assimilator  
  59  6:27  Probe x2  
  61  6:39  Probe  
  63  6:40  Probe  
  63  6:50  Pylon  
  63  6:53  Pylon  
  63  7:02  Probe x2  
  63  7:04  Stalker x2  
  69  7:09  Gateway  
  69  7:10  Gateway  
  69  7:12  Gateway  
  69  7:14  Gateway  
  69  7:16  Probe x3  
  69  7:22  Warp Prism (Chrono Boost)  
  72  7:26  Observer (Chrono Boost)  
  72  7:28  Probe  
  76  7:31  Adept  
  76  7:32  Protoss Ground Weapons Level 2, Adept  
  76  7:35  Probe x2  
  82  7:39  Pylon  
  82  8:14  Observer x2  
  82  8:17  Photon Cannon  
  82  8:18  Probe x3  
  87  8:20  Photon Cannon  
  87  8:33  Pylon  
  87  8:35  Immortal x2  
  87  8:36  Photon Cannon  
  87  8:39  Photon Cannon  
  95  8:43  Adept x5  
  105  9:08  Stalker  
  105  9:09  Stalker x5  
  115  9:15  Immortal x2 (Chrono Boost)  
  99  9:33  Stalker x3  
  103  10:03  Assimilator  
  103  10:06  Photon Cannon  
  103  10:07  Photon Cannon  
  103  10:08  Assimilator, Nexus  
  103  10:09  Pylon  
  103  10:17  Stalker  
  103  10:18  Stalker x5  
  115  10:25  Immortal x2 (Chrono Boost)  
  107  10:51  Stalker x2, Zealot  
  107  10:52  Zealot x3  
  107  10:56  Gateway, Protoss Ground Weapons Level 3 (Chrono Boost)  
  119  10:57  Gateway  
  119  10:59  Gateway  
  119  11:00  Gateway x2  
  119  11:03  Gateway  
  119  11:05  Pylon  
  119  11:07  Photon Cannon  
  119  11:17  Immortal x2 (Chrono Boost)  
  127  11:26  Templar Archives, Probe x2  
  129  11:36  Forge  
  129  11:49  Zealot x6  
  141  12:01  Pylon  
  141  12:02  Pylon  
  141  12:07  Pylon  
  141  12:14  Nexus  
  139  12:18  Pylon  
  139  12:22  Pylon, Zealot x2  
  141  12:23  Zealot x7  
  153  12:48  Protoss Ground Armor Level 1 (Chrono Boost)  
  127  12:59  Immortal x2  
  127  13:00  Zealot x2  
  127  13:01  Zealot x3  
  127  13:02  High Templar  
  127  13:03  High Templar x6  
  159  13:16  Archon x3  
  156  13:29  Zealot x3  
  151  13:49  High Templar x6  
  151  13:50  High Templar x3  
  165  13:57  Pylon, Archon  
  165  13:58  Archon x2  
  165  13:59  Pylon, Archon  
  165  14:02  Pylon  
  153  14:22  High Templar  
  153  14:23  Zealot x4  
  153  14:24  Zealot x3  
  167  14:29  Warp Prism (Chrono Boost)  
  167  14:30  Protoss Ground Armor Level 2 (Chrono Boost), Archon  
  166  14:41  Observer (Chrono Boost)  
  160  14:49  Zealot x2, High Templar  
  160  14:50  Zealot x4  
  173  15:01  Photon Cannon  
  173  15:03  Pylon, Photon Cannon  
  173  15:04  Pylon x2  
  173  15:07  Photon Cannon  
  173  15:16  Archon  
  173  15:23  Protoss Shields Level 1 (Chrono Boost)  
  173  15:35  Zealot x7  
  183  15:36  Zealot  
  185  15:48  Nexus  
  185  15:49  Pylon  
  179  15:53  Pylon  
  179  15:56  High Templar x4  
  179  15:57  High Templar x4  
  189  16:02  Archon x4  
  191  16:08  Zealot x4  
  199  16:15  Probe  
  200  16:20  Photon Cannon  
  200  16:22  Photon Cannon  
  200  16:24  Photon Cannon  
  184  17:00  Dark Templar x3  
  184  17:01  Dark Templar  
  186  17:06  Zealot x2  
  186  17:07  Zealot x2  
  164  17:36  Nexus  
  164  17:37  Pylon  
  164  17:41  Zealot x3  
Show
View Real Time Build Order
Export as new Build Order

VanHelsing Zerg - Winner!

Build Orders: Pool First, Roach Nydus 

Get SALT Encoding   

  12  0:05  Drone  
  13  0:23  Spawning Pool  
  12  0:28  Drone  
  13  0:37  Overlord  
  13  0:40  Drone  
  14  0:44  Extractor  
  14  0:47  Drone  
  14  0:55  Drone  
  15  1:02  Drone  
  16  1:10  Queen  
  18  1:12  Drone  
  19  1:22  Drone  
  20  1:34  Overlord  
  20  1:43  Roach Warren  
  20  1:45  Zergling x2  
  20  2:06  Drone x2  
  22  2:11  Extractor  
  21  2:18  Baneling Nest  
  20  2:28  Roach x3  
  26  2:30  Overlord  
  26  2:39  Drone  
  27  2:57  Lair  
  27  3:07  Drone  
  27  3:11  Hatchery  
  27  3:16  Drone x2  
  29  3:25  Evolution Chamber  
  28  3:28  Roach  
  28  3:33  Drone  
  31  3:37  Drone  
  32  3:46  Roach  
  34  3:54  Queen  
  36  4:04  Nydus Network  
  35  4:13  Drone  
  35  4:14  Drone  
  35  4:16  Drone  
  38  4:21  Baneling x2  
  38  4:26  Roach  
  40  4:55  Drone x3  
  43  5:16  Overlord x2  
  43  5:17  Zergling x2  
  43  5:19  Overlord  
  44  5:29  Overlord x2  
  44  5:33  Extractor  
  43  5:36  Drone x2  
  45  6:23  Roach x4  
  45  6:24  Roach x3  
  59  6:26  Overlord x3  
  59  6:27  Roach x5  
  59  6:30  Ravager  
  70  6:48  Ravager x4  
  70  6:49  Ravager x2  
  70  6:52  Hatchery  
  75  7:07  Roach x3  
  81  7:17  Extractor  
  81  7:18  Drone  
  81  7:19  Drone x4  
  85  7:33  Nydus Canal  
  85  7:44  Overlord  
  84  8:02  Overseer  
  83  8:14  Roach x2  
  83  8:15  Roach  
  89  8:23  Nydus Canal  
  89  8:34  Spore Crawler  
  89  8:38  Drone x2  
  89  8:39  Drone  
  86  9:13  Roach  
  86  9:14  Roach x2  
  69  9:35  Roach x3  
  63  9:54  Ravager x4  
  63  9:57  Zergling x4  
  69  10:06  Drone  
  71  10:07  Drone x4  
  71  10:08  Roach  
  76  10:17  Queen  
  76  10:18  Drone x3  
  81  10:40  Zergling x4  
  81  10:41  Zergling x6  
  86  10:43  Zerg Ground Armor Level 1  
  86  10:47  Evolution Chamber  
  85  11:06  Baneling x2  
  85  11:07  Baneling x6  
  85  11:08  Baneling x4  
  85  11:09  Centrifical Hooks  
  85  11:10  Glial Reconstitution  
  85  11:13  Zerg Missile Weapons Level 1  
  86  11:18  Drone x3  
  88  12:04  Roach x3  
  88  12:05  Roach x3  
  88  12:06  Zergling x6  
  88  12:07  Zergling x10  
  84  12:40  Roach x2  
  84  12:41  Roach  
  84  12:42  Zergling x6  
  84  12:43  Zergling x2  
  84  12:44  Zergling x2, Roach x4  
  82  13:37  Roach x6  
  82  13:39  Roach x5  
  82  13:40  Roach  
  91  13:42  Drone, Roach  
  91  13:43  Roach x2  
  98  14:09  Nydus Canal  
  98  14:22  Hatchery  
  98  14:24  Extractor  
  96  14:35  Nydus Canal  
  96  14:59  Nydus Network  
  95  15:14  Drone x2  
  97  15:17  Zerg Ground Armor Level 2  
  97  15:18  Zerg Missile Weapons Level 2  
  97  15:35  Overseer  
  97  15:41  Roach x3  
  103  15:42  Overlord  
  103  15:43  Overlord x2  
  103  15:47  Queen  
  103  15:48  Drone x2  
  107  15:57  Nydus Canal  
  107  16:05  Nydus Canal  
  107  16:22  Ravager x5  
  107  16:23  Ravager x2  
  107  16:25  Baneling x5  
  114  16:28  Roach x3  
  114  16:29  Roach x2  
  126  16:47  Roach  
  126  16:49  Zergling x2  
  126  16:50  Roach x2  
  128  17:11  Roach x2  
  128  17:12  Roach x3  
  128  17:14  Overlord x4  
  136  17:29  Nydus Canal  
  136  17:30  Nydus Canal  
Show
View Real Time Build Order
Export as new Build Order

Infamous Protoss 

Build Orders:  

Get SALT Encoding   

  12  0:01  Probe  
  13  0:14  Probe  
  14  0:30  Pylon, Probe  
  15  0:50  Gateway  
  15  0:52  Probe (Chrono Boost)  
  16  1:02  Probe (Chrono Boost)  
  17  1:09  Probe (Chrono Boost), Assimilator  
  19  1:20  Probe (Chrono Boost)  
  19  1:28  Pylon  
  19  1:39  Zealot  
  21  1:40  Assimilator  
  21  1:44  Cybernetics Core  
  21  1:51  Pylon  
  21  1:58  Probe (Chrono Boost)  
  22  2:10  Probe (Chrono Boost)  
  23  2:16  Zealot  
  23  2:17  Warp Gate (Chrono Boost)  
  23  2:22  Probe  
  26  2:40  Probe  
  27  2:45  Pylon  
  27  2:54  Forge  
  27  3:04  Probe  
  28  3:09  Stalker  
  30  3:22  Gateway  
  30  3:24  Gateway  
  30  3:32  Probe  
  31  3:45  Probe  
  31  3:46  Shield Battery  
  32  4:20  Photon Cannon  
  32  4:22  Shield Battery  
  32  4:31  Gateway  
  32  4:35  Protoss Ground Weapons Level 1 (Chrono Boost)  
  32  4:55  Probe  
  33  5:10  Nexus  
  33  5:12  Sentry x3  
  39  5:36  Robotics Facility  
  39  5:37  Probe  
  40  5:46  Photon Cannon  
  40  5:52  Pylon  
  40  5:54  Pylon  
  40  5:57  Probe  
  41  6:07  Pylon  
  41  6:10  Twilight Council  
  41  6:11  Probe  
  40  6:24  Immortal  
  44  6:34  Probe (Chrono Boost)  
  45  6:44  Probe (Chrono Boost)  
  46  6:49  Probe (Chrono Boost)  
  46  6:52  Probe  
  48  7:00  Probe  
  48  7:01  Stalker x4  
  57  7:10  Immortal  
  61  7:17  Assimilator  
  61  7:21  Assimilator  
  61  7:23  Pylon  
  61  7:25  Pylon  
  61  7:30  Pylon  
  61  7:33  Shield Battery  
  61  7:59  Probe, Photon Cannon, Protoss Ground Armor Level 1 (Chrono Boost)  
  61  8:04  Immortal  
  62  8:11  Probe  
  67  8:24  Probe (Chrono Boost)  
  67  8:26  Templar Archives  
  68  8:38  Stalker  
  68  8:39  Stalker  
  68  8:40  Stalker  
  74  8:56  Zealot  
  56  9:20  Stalker  
  56  9:21  Stalker x3  
  56  9:45  Protoss Ground Weapons Level 2  
  56  9:58  Probe (Chrono Boost)  
  57  10:05  Probe (Chrono Boost)  
  58  10:11  High Templar x2  
  58  10:12  High Templar x2  
  66  10:16  Archon  
  66  10:18  Archon  
  66  11:14  High Templar  
  66  11:15  High Templar x3  
  74  11:22  Archon x2  
  74  11:45  Pylon  
  74  11:47  Pylon  
  36  12:54  Zealot x4  
Show
View Real Time Build Order
Export as new Build Order

Poseidon Protoss 

Build Orders: Nexus First 

Get SALT Encoding   

  12  0:05  Probe  
  13  0:17  Probe  
  14  0:29  Probe  
  15  0:45  Pylon  
  15  0:56  Nexus  
  15  1:09  Probe  
  16  1:12  Assimilator  
  16  1:22  Probe  
  16  1:23  Gateway  
  17  1:40  Probe (Chrono Boost)  
  17  1:45  Assimilator  
  18  1:52  Probe (Chrono Boost)  
  19  1:57  Probe (Chrono Boost)  
  20  2:07  Probe  
  21  2:19  Probe  
  22  2:26  Zealot  
  24  2:31  Pylon  
  24  2:40  Cybernetics Core  
  24  2:43  Pylon  
  24  2:44  Gateway  
  24  2:48  Probe  
  24  2:49  Probe  
  26  2:59  Pylon  
  26  3:02  Forge  
  26  3:16  Warp Gate (Chrono Boost)  
  26  3:21  Stalker  
  28  3:31  Twilight Council  
  28  3:37  Probe x2  
  30  3:43  Pylon  
  30  3:47  Shield Battery  
  30  3:57  Protoss Ground Armor Level 1 (Chrono Boost)  
  30  3:58  Robotics Facility  
  30  4:06  Probe  
  30  4:09  Probe  
  32  4:18  Gateway  
  32  4:24  Probe (Chrono Boost)  
  32  4:25  Probe (Chrono Boost)  
  34  4:34  Probe x2 (Chrono Boost)  
  36  4:50  Immortal  
  40  5:12  Stalker x2  
  44  5:33  Photon Cannon  
  44  5:34  Protoss Ground Weapons Level 1 (Chrono Boost)  
  44  5:41  Zealot x2  
  48  5:43  Charge  
  48  5:47  Probe x2, Dark Shrine  
  50  5:51  Pylon  
  50  5:59  Probe (Chrono Boost)  
  50  6:00  Gateway  
  50  6:02  Photon Cannon  
  51  6:07  Probe (Chrono Boost)  
  53  6:11  Probe (Chrono Boost), Warp Prism  
  55  6:21  Photon Cannon  
  55  6:25  Shield Battery  
  55  6:26  Probe x2  
  55  6:29  Shield Battery  
  55  6:32  Pylon  
  57  6:48  Observer  
  58  6:54  Gateway  
  58  6:56  Gateway  
  57  7:03  Probe (Chrono Boost)  
  57  7:04  Probe (Chrono Boost)  
  57  7:05  Assimilator  
  57  7:08  Photon Cannon  
  59  7:10  Photon Cannon  
  59  7:12  Shield Battery  
  59  7:15  Probe (Chrono Boost)  
  61  7:16  Probe (Chrono Boost)  
  61  7:18  Protoss Ground Armor Level 2 (Chrono Boost)  
  61  7:21  Sentry x2  
  61  7:22  Probe x2 (Chrono Boost)  
  67  7:47  Dark Templar x2  
  67  7:50  Dark Templar  
  67  7:51  Dark Templar  
  73  8:10  Probe x2  
  67  8:17  Assimilator  
  67  8:24  Probe  
  68  8:33  Dark Templar x2  
  72  8:38  Nexus  
  72  8:41  Pylon  
  72  8:43  Pylon  
  72  8:44  Zealot x3  
  72  8:45  Pylon  
  72  8:47  Pylon  
  64  9:32  Pylon  
  64  9:33  Pylon  
  62  9:40  Zealot x2  
  62  9:41  Zealot x3  
  70  9:51  Immortal (Chrono Boost)  
  70  9:53  Protoss Ground Weapons Level 2 (Chrono Boost)  
  70  9:56  Blink  
  74  10:03  Probe x3  
  67  10:15  Probe x2  
  67  10:17  Zealot x4  
  67  10:18  Zealot  
  75  10:38  Dark Templar x5  
  67  10:55  Probe x3  
  62  10:57  Assimilator  
  62  10:59  Gateway  
  62  11:01  Gateway, Assimilator  
  62  11:03  Gateway  
  62  11:06  Gateway  
  62  11:07  Probe  
  62  11:09  Gateway  
  63  11:13  Pylon  
  63  11:14  Pylon  
  63  11:18  Photon Cannon  
  63  11:19  Immortal, Photon Cannon  
  63  11:22  Photon Cannon  
  63  11:25  Photon Cannon  
  67  11:30  Photon Cannon  
  67  11:33  Photon Cannon, Robotics Bay  
  67  11:41  Photon Cannon  
  67  11:44  Photon Cannon  
  67  11:48  Photon Cannon  
  67  11:49  Probe x3  
  70  11:57  Dark Templar x3  
  70  11:59  Dark Templar  
  79  12:01  Probe x2, Archon  
  79  12:03  Archon  
  79  12:06  Protoss Ground Armor Level 3 (Chrono Boost)  
  76  12:20  Dark Templar  
  78  12:37  Zealot x3  
  78  12:38  Zealot x4  
  92  12:49  Nexus  
  92  12:53  Pylon  
  92  13:03  Dark Templar x2  
  92  13:04  Dark Templar x2  
  92  13:05  Zealot x2  
  102  13:10  Cybernetics Core  
  99  13:13  Cybernetics Core  
  97  13:29  Zealot x2  
  101  13:36  Zealot  
  101  13:37  Zealot x3  
  81  13:52  Zealot x3  
  81  14:01  Zealot x4  
  83  14:13  Zealot x2  
  83  14:14  Zealot  
  85  14:34  Assimilator  
  85  14:38  Assimilator, Extended Thermal Lance  
  83  14:40  Photon Cannon  
  83  14:43  Photon Cannon  
  83  14:45  Photon Cannon, Robotics Facility  
  83  14:48  Stalker  
  83  14:50  Nexus  
  85  14:53  Robotics Facility  
  85  14:59  Gateway  
  85  15:00  Gateway  
  85  15:01  Pylon  
  85  15:03  Pylon  
  85  15:04  Zealot x2  
  85  15:05  Pylon, Zealot x3  
  95  15:08  Pylon  
  95  15:10  Nexus  
  95  15:13  Probe x2  
  95  15:14  Probe  
  98  15:17  Sentry  
  100  15:25  Probe  
  100  15:26  Probe x2  
  103  15:31  Zealot x2  
  103  15:32  Zealot x3  
  78  15:51  Immortal x2 (Chrono Boost)  
  74  16:09  Assimilator  
  74  16:13  Assimilator  
  74  16:17  Pylon  
  68  16:33  Immortal (Chrono Boost), Stalker  
  68  16:34  Immortal (Chrono Boost), Stalker x5  
  69  17:12  Sentry x4  
Tags
 
Add a new tag
Caveats
  • Supply blocks, unpowered buildings, or Contaminate may cause inaccurate times.
  • Supply counts are checked every 10 seconds.